 Dungeon Crawl Stone Soup version 0.18.1-48-g4cf74bf (webtiles) character file.

46289 nikopol the Severer (level 14, 0/127 HPs)
             Began as a Minotaur Berserker on Aug 20, 2016.
             Was the Champion of Trog.
             Slain by a seven-headed hydra (3 damage)
             ... on level 8 of the Lair of Beasts.
             The game lasted 00:59:04 (18187 turns).

nikopol the Severer (Minotaur Berserker)           Turns: 18187, Time: 00:59:05

Health: 0/127      AC: 22    Str: 23    XL:     14   Next: 4%
Magic:  0/13       EV:  5    Int:  9    God:    Trog [******]
Gold:   1810       SH:  0    Dex: 14    Spells: 0 memorised, 13 levels left

rFire  . . .     SeeInvis .     a - +5 hand axe "Firr" {speed, Int+5}
rCold  + . .     Gourm    .     C - +4 chain mail
rNeg   . . .     Faith    .     (no shield)
rPois  .         Spirit   +     (helmet restricted)
rElec  .         Dismiss  .     E - +1 cloak
rCorr  .         Reflect  .     m - +2 pair of gloves
SustAt .         Harm     .     (no boots)
MR     +....                    N - amulet of guardian spirit
Stlth  ..........               j - +6 ring of evasion
                                Z - ring of protection from cold

@: exhausted, petrifying (expiring), slowed, very slow, somewhat resistant to
hostile enchantments, extremely unstealthy
A: retaliatory headbutt, horns 2
a: Berserk, Trog's Hand, Brothers in Arms, Burn Spellbooks, Renounce Religion


You were on level 8 of the Lair of Beasts.
You worshipped Trog.
Trog was exalted by your worship.
You were hungry.

You visited 2 branches of the dungeon, and saw 17 of its levels.
You also visited: Ice Cave.

You collected 1810 gold pieces.

Inventory:

Hand Weapons
 a - the +5 hand axe "Firr" (weapon) {speed, Int+5}
   (You found it on level 4 of the Dungeon)

   Attacks with this weapon are significantly faster.
   It affects your intelligence (+5).
 w - a +2 longbow of flaming
 z - a +3 shortbow
 L - a +6 antimagic broad axe
 M - a +2 battleaxe
Missiles
 d - 248 arrows (quivered)
Armour
 m - a +2 pair of gloves (worn)
 C - a +4 chain mail (worn)
 E - a +1 cloak (worn)
 R - a +1 ring mail of fire resistance
Jewellery
 f - an uncursed ring of flight
 h - an uncursed amulet of rage {unknown}
 j - a +6 ring of evasion (right hand)
 J - an uncursed ring of protection from fire
 N - an amulet of guardian spirit (around neck)
 P - an uncursed ring of sustain attributes
 U - the ring of Juhuffuch {rCorr Dex+5}
   (You took it off a gnoll shaman on level 8 of the Dungeon)

   [ring of resist corrosion]

   It affects your dexterity (+5).
 X - an uncursed ring of protection from magic
 Z - a ring of protection from cold (left hand)
Wands
 b - a wand of teleportation (3/9)
 O - a wand of polymorph (5/24)
 Q - a wand of disintegration (13/24)
Scrolls
 g - 9 scrolls of remove curse
 i - 4 scrolls of teleportation
 l - a scroll of identify
 o - a scroll of blinking
 q - 2 scrolls of immolation {unknown}
 s - 4 scrolls of enchant weapon {unknown}
 t - 3 scrolls of amnesia {unknown}
 u - 2 scrolls of noise {unknown}
 x - 2 scrolls of fog {unknown}
 y - a scroll of summoning {unknown}
 D - 2 scrolls of random uselessness {unknown}
 F - 3 scrolls of fear {unknown}
 G - 2 scrolls of holy word {unknown}
 I - 3 scrolls of recharging {unknown}
 V - a scroll of brand weapon {unknown}
Potions
 e - a potion of magic
 n - a potion of invisibility {unknown}
 v - 4 potions of flight
 A - 2 potions of might
 B - 2 potions of cure mutation
 H - a potion of agility {unknown}
 K - 5 potions of curing
 S - 3 potions of heal wounds
 Y - a potion of ambrosia {unknown}
Comestibles
 c - 9 bread rations
 k - 13 royal jellies
 p - 11 meat rations
 r - 9 chunks of flesh
 T - a beef jerky
 W - 25 fruits


   Skills:
 + Level 12.6 Fighting
 * Level 15.2 Axes
 * Level 12.8 Bows
 + Level 11.3 Armour
 + Level 11.5 Dodging


You had 13 spell levels left.
You didn't know any spells.

Dungeon Overview and Level Annotations

Branches:
Dungeon (9/15)             Temple (0/1) D:6            Lair (8/8) D:9
 Shoals (0/4) Lair:6        Snake (0/4) Lair:5
  Slime: Lair:6-8       Orc: D:9-12

Altars:
Elyvilon
Gozag
Kikubaaqudgha
Okawaru
Pakellas
Trog

Shops:
D:3 *


Innate Abilities, Weirdness & Mutations

You reflexively headbutt those who attack you in melee.
You have a pair of horns on your head.


Message History

* * * LOW HITPOINT WARNING * * *
The black mamba bites you but does no damage.
The basilisk gazes at you.
You easily resist.
The ten-headed hydra closely misses you.
The ten-headed hydra bites you.
* * * LOW HITPOINT WARNING * * *
The ten-headed hydra bites you.
* * * LOW HITPOINT WARNING * * *
The ten-headed hydra bites you.
* * * LOW HITPOINT WARNING * * *
The ten-headed hydra bites you but does no damage.
The ten-headed hydra bites you!
* * * LOW HITPOINT WARNING * * *
The ten-headed hydra bites you but does no damage. x2
The ten-headed hydra barely misses you. The ten-headed hydra bites you!
* * * LOW HITPOINT WARNING * * *
The seven-headed hydra bites you but does no damage. x4
The seven-headed hydra bites you.
You die...

..........#####.....#
#
...........##........#
#
...................P#
...(..............P.##
....(..............P.#
..(..(((.......)...PP#
............###...(.##
......SDDl..# ###....#
.......@...## ....#
..........P# ...##
............# P.P#
...........## ..S.
.....$....P.# l.###
............# S..
..........#..
..............


You could see a ten-headed hydra, a seven-headed hydra, a black mamba and a
basilisk.

Vanquished Creatures
  Josephine (Lair:5)
  3 ice dragons
  A catoblepas (Lair:4)
  4 hydras
  Urug (Lair:3)
  The ghost of ceb the Cleaver, a novice MiBe of Trog (D:7)
  2 griffons
  A manticore (Lair:6)
  12 elephants
  3 black mambas
  3 ice statues
  17 spiny frogs
  2 rime drakes (Lair:6)
  An ice devil (Lair:1)
  11 komodo dragons
  A queen bee (Lair:5)
  3 polar bears
  Grinder (D:3)
  6 blink frogs
  3 wyverns (Lair:4)
  31 yaks
  2 basilisks
  5 wraiths (Lair:5)
  7 hippogriffs
  A steam dragon (D:8)
  A hungry ghost (D:9)
  A mottled dragon (D:9)
  Edmund (D:6)
  4 nagas (Lair:5)
  15 water moccasins
  10 porcupines
  26 ice beasts
  2 orc warriors
  5 sky beasts
  2 wasps
  A phantom (D:5)
  A necrophage (D:8)
  6 ogres
  8 wolves
  4 centaurs
  15 crocodiles
  A big kobold (D:9)
  Blork the orc (D:6)
  15 giant frogs
  2 scorpions
  31 killer bees
  4 wights (D:6)
  A howler monkey (D:8)
  6 crimson imps
  2 giant frog zombies (D:5)
  2 jellies
  A gnoll shaman (D:8)
  5 orc priests
  3 hounds
  Crazy Yiuf (D:4)
  9 orc wizards
  A centaur skeleton (D:7)
  Jessica (D:3)
  Natasha (D:3)
  3 giant frog skeletons
  10 iguanas
  Ijyb (D:3)
  5 worker ants
  A hound skeleton (D:6)
  2 worker ant zombies (D:8)
  Robin (D:4)
  4 gnolls (D:8)
  11 adders
  65 river rats
  2 shadow imps
  3 white imps (Lair:1)
  An ooze (D:3)
  An adder skeleton (D:6)
  An adder zombie (D:5)
  2 worms
  3 dart slugs
  8 giant geckos
  29 orcs
  2 ball pythons
  5 giant cockroaches
  11 hobgoblins
  7 kobolds
  3 quokkas
  2 bats
  A giant gecko skeleton (D:5)
  3 giant newts
  12 goblins
  A quokka skeleton (D:5)
  5 rats
  3 fungi
  4 plants
524 creatures vanquished.

Vanquished Creatures (others)
  An orange crystal statue (D:8)
  17 fungi
  6 plants
24 creatures vanquished.

Grand Total: 548 creatures vanquished

Notes
Turn   | Place    | Note
--------------------------------------------------------------
     0 | D:1      | nikopol the Minotaur Berserker began the quest for the Orb.
     0 | D:1      | Reached XP level 1. HP: 19/19 MP: 0/0
   334 | D:1      | Reached XP level 2. HP: 27/27 MP: 1/1
   568 | D:1      | Reached skill level 4 in Axes
   848 | D:2      | Reached XP level 3. HP: 33/33 MP: 2/2
  1006 | D:2      | Reached ** piety under Trog
  1226 | D:3      | Noticed Ijyb
  1237 | D:3      | Killed Ijyb
  1237 | D:3      | Reached XP level 4. HP: 41/41 MP: 3/3
  1275 | D:3      | Noticed Jessica
  1278 | D:3      | Killed Jessica
  1442 | D:3      | Noticed Natasha
  1446 | D:3      | Killed Natasha
  1446 | D:3      | Reached XP level 5. HP: 47/47 MP: 4/4
  1802 | D:3      | Noticed Grinder
  1810 | D:3      | Paralysed by Grinder for 4 turns
  1833 | D:3      | Paralysed by Grinder for 2 turns
  1909 | D:2      | Reached skill level 5 in Fighting
  2041 | D:3      | Paralysed by Grinder for 5 turns
  2050 | D:3      | Killed Grinder
  2050 | D:3      | Reached skill level 5 in Axes
  2050 | D:3      | Reached XP level 6. HP: 56/56 MP: 5/5
  2298 | D:3      | Found Gozag's Platinum Reserve.
  2299 | D:3      | Found an opulent altar of Gozag.
  2710 | D:4      | Got a shimmering hand axe
  2711 | D:4      | Identified the +5 hand axe "Firr" {speed, Int+5} (You found it on level 4 of the Dungeon)
  2715 | D:4      | Noticed Robin
  2729 | D:4      | Killed Robin
  2735 | D:4      | Reached *** piety under Trog
  2976 | D:4      | Reached XP level 7. HP: 61/62 MP: 6/6
  3044 | D:4      | Noticed Crazy Yiuf
  3054 | D:4      | Killed Crazy Yiuf
  3272 | D:5      | Entered Level 5 of the Dungeon
  3329 | D:5      | Found a white marble altar of Elyvilon.
  3337 | D:5      | Reached skill level 5 in Armour
  3347 | D:5      | Reached skill level 5 in Dodging
  3366 | D:5      | Reached skill level 6 in Axes
  3430 | D:5      | Reached XP level 8. HP: 43/71 MP: 7/7
  3547 | D:5      | Reached skill level 1 in Bows
  3626 | D:5      | Reached skill level 7 in Axes
  3840 | D:5      | Received a gift from Trog
  3999 | D:6      | Found a staircase to the Ecumenical Temple.
  4003 | D:6      | Noticed Edmund
  4019 | D:6      | Killed Edmund
  4168 | D:6      | Noticed Blork the orc
  4172 | D:6      | Killed Blork the orc
  4337 | D:6      | Got a brightly glowing pewter amulet
  4338 | D:6      | Identified the amulet "Wegy" {RegenMP rC- Str+4 Int+10 Dex-5} (You found it on level 6 of the Dungeon)
  4597 | D:6      | Reached XP level 9. HP: 80/80 MP: 8/8
  4744 | D:6      | Reached skill level 8 in Axes
  4777 | D:6      | Received a gift from Trog
  5118 | D:7      | Found an ancient bone altar of Kikubaaqudgha.
  5124 | D:7      | Noticed ceb's ghost (novice MiBe)
  5142 | D:7      | Killed ceb's ghost
  5142 | D:7      | Reached skill level 5 in Bows
  5162 | D:7      | Reached skill level 9 in Axes
  5282 | D:7      | Reached **** piety under Trog
  5668 | D:8      | Reached XP level 10. HP: 90/90 MP: 9/9
  5683 | D:8      | Found an oddly glowing altar of Pakellas.
  5683 | D:8      | Noticed an orange crystal statue
  5684 | D:8      | Noticed a six-headed hydra
  5689 | D:8      | Killed an orange crystal statue
  5763 | D:8      | Received a gift from Trog
  6395 | D:8      | Reached skill level 10 in Axes
  6484 | D:8      | Got a pitted turquoise ring
  6536 | D:8      | Reached ***** piety under Trog
  6726 | D:9      | Found a bloodstained altar of Trog.
  7089 | D:9      | Found an iron altar of Okawaru.
  7537 | D:9      | Received a gift from Trog
  7776 | D:9      | Found a staircase to the Lair.
  7853 | D:9      | Identified the ring of Juhuffuch {rCorr Dex+5} (You took it off a gnoll shaman on level 8 of the Dungeon)
  8209 | Lair:1   | Entered Level 1 of the Lair of Beasts
  8223 | Lair:1   | Received a gift from Trog
  8294 | Lair:1   | Noticed an ice statue
  8420 | Lair:1   | Killed an ice statue
  8457 | Lair:1   | Noticed a spiny frog
  8464 | Lair:1   | Killed a spiny frog
  8464 | Lair:1   | Reached XP level 11. HP: 86/99 MP: 10/10
  8552 | Lair:1   | Reached skill level 11 in Axes
  8724 | Lair:1   | Received a gift from Trog
  8965 | Lair:1   | Reached skill level 10 in Fighting
  9542 | Lair:2   | Received a gift from Trog
  9643 | Lair:2   | Noticed an eight-headed hydra
  9656 | Lair:2   | Killed a ten-headed hydra
  9656 | Lair:2   | Reached skill level 12 in Axes
 10350 | Lair:3   | Reached skill level 10 in Bows
 10494 | Lair:3   | Reached XP level 12. HP: 93/108 MP: 11/11
 10633 | Lair:3   | Noticed Urug
 10657 | Lair:3   | Killed Urug
 11300 | Lair:3   | Reached skill level 10 in Armour
 11467 | Lair:3   | Reached skill level 10 in Dodging
 11650 | Lair:4   | Noticed an eight-headed hydra
 11673 | Lair:4   | Killed a 12-headed hydra
 11673 | Lair:4   | Reached skill level 13 in Axes
 11768 | Lair:4   | Received a gift from Trog
 12298 | Lair:4   | Noticed a catoblepas
 12310 | Lair:4   | Killed a catoblepas
 13074 | Lair:5   | Reached XP level 13. HP: 116/116 MP: 12/12
 13120 | Lair:5   | Reached ****** piety under Trog
 13226 | Lair:5   | Received a gift from Trog
 13333 | Lair:5   | Found a staircase to the Snake Pit.
 13413 | Lair:5   | Reached skill level 14 in Axes
 13420 | Lair:5   | Noticed Josephine
 13434 | Lair:5   | Killed Josephine
 14375 | Lair:6   | Found a staircase to the Shoals.
 14455 | Lair:6   | Received a gift from Trog
 14863 | Lair:6   | Received a gift from Trog
 15641 | Lair:7   | Found a frozen archway.
 15710 | IceCv    | Entered an ice cave
 15727 | IceCv    | Received a gift from Trog
 16380 | IceCv    | Reached skill level 15 in Axes
 17071 | Lair:7   | Received a gift from Trog
 17859 | Lair:8   | Entered Level 8 of the Lair of Beasts
 17935 | Lair:8   | Reached XP level 14. HP: 108/127 MP: 13/13
 18187 | Lair:8   | HP: 6/127 [ten-headed hydra (7)]
 18187 | Lair:8   | Slain by a seven-headed hydra

Skill      XL: |  1  2  3  4  5  6  7  8  9 10 11 12 13 |
---------------+----------------------------------------+-----
Fighting       | 4 5 6 7 8 9 10 11 12 | 12.6
Axes           | 4 5 6 7 9 10 12 13 15 | 15.2
Armour         | 3 4 5 6 7 8 9 10 11 | 11.3
Dodging        | 3 4 5 6 7 8 9 10 11 | 11.5
Bows           | 3 5 8 10 11 12 | 12.8

Action                   |  1- 3 |  4- 6 |  7- 9 | 10-12 | 13-15 || total
-------------------------+-------+-------+-------+-------+-------++-------
Melee: Hand axe          |    64 |    38 |   216 |   549 |   476 ||  1343
       Headbutt          |    13 |    16 |    51 |   174 |   123 ||   377
       War axe           |     8 |    46 |       |       |       ||    54
       Unarmed           |       |     7 |       |       |       ||     7
 Fire: Shortbow          |       |       |   128 |   536 |   315 ||   979
Invok: Berserk           |       |       |     2 |     3 |     4 ||     9
       Burn Spellbooks   |       |       |       |     3 |     2 ||     5
       Trog's Hand       |       |       |       |       |     1 ||     1
  Use: Scroll            |       |       |       |    10 |     5 ||    15
 Stab: Petrified         |       |       |       |     3 |       ||     3
       Petrifying        |       |       |       |     1 |       ||     1
  Eat: Chunk             |     1 |     5 |     9 |    24 |    15 ||    54
       Fruit             |       |     1 |       |       |     4 ||     5
       Beef jerky        |       |       |     1 |     1 |       ||     2
       Royal jelly       |       |       |       |       |     1 ||     1
Armor: Animal skin       |     6 |       |       |       |       ||     6
       Ring mail         |     7 |    11 |    40 |    39 |       ||    97
       Skin              |       |     2 |       |       |       ||     2
       Chain mail        |       |       |       |    79 |   226 ||   305
Dodge: Dodged            |    43 |    71 |   111 |   420 |   318 ||   963
